 Dungeon Crawl Stone Soup version 0.31-a0-940-gdaa99269f9 (webtiles) character file.

Game seed: 11465975564075040256

66 kae the Chopper (level 4, -18/39 HPs)
             Began as a Hill Orc Fighter on Oct 20, 2023.
             Killed by an exploding goblin (41 damage)
             ... ignited by their inner flame
             ... on level 4 of the Dungeon.
             The game lasted 00:00:44 (1267 turns).

kae the Chopper (Hill Orc Fighter)                  Turns: 1267, Time: 00:00:44

Health: -18/39     AC:  6    Str: 20    XL:     4   Next: 15%
Magic:  4/4        EV:  9    Int:  8    God:
Gold:   51         SH:  5    Dex: 10    Spells: 3/3 levels left

rFire   . . .        a - +0 war axe (flame)
rCold   . . .        c - +1 buckler
rNeg    . . .        b - +0 scale mail
rPois   .            (no helmet)
rElec   .            (no cloak)
rCorr   .            (no gloves)
SInv    .            (no boots)
Will    .....        (no amulet) Stlth
                     (no ring)
HPRegen 0.26/turn    (no ring)
MPRegen 0.09/turn

%: no passive effects
@: no status effects
A: no striking features
a: no special abilities


You were on level 4 of the Dungeon.
You visited 1 branch of the dungeon, and saw 4 of its levels.

You collected 51 gold pieces.


   Skills:
 - Level 3.6 Fighting
 + Level 5.7 Axes
 - Level 3.2 Armour
 - Level 3.2 Shields


You had 3 spell levels left.
You didn't know any spells.
Your spell library contained the following spells:

 Spells                   Type           Power      Damage    Failure   Level
 Foxfire                  Conj/Fire      0%         2x1d4     83%         1
 Plasma Beam              Fire/Air       0%         2x1d10    100%        6
 Starburst                Conj/Fire      0%         6d3       100%        6

Inventory:

Hand Weapons
 a - a +0 war axe of flaming (weapon)
Missiles
 g - 22 stones
 j - 5 atropa-tipped darts
Armour
 b - a +0 scale mail (worn)
 c - a +1 buckler (worn)
Scrolls
 h - a scroll of teleportation {unknown}
 i - a scroll of fog {unknown}
 k - 3 scrolls of identify {unknown}
Potions
 d - a potion of might
 f - a potion of curing {unknown}
 n - a potion of degeneration {unknown}
 o - a potion of lignification {unknown}
 q - a potion of attraction {unknown}

Dungeon Overview and Level Annotations

Branches:
Dungeon (4/15) Zot: 22710
 Temple: D:4-7

Altars:
Kikubaaqudgha

Shops:
D:2 [ D:3

? ....#§#### ...§#§#§§.
...§§§§§§## ...§§§§§§§#
...§.§§§§§#
...§§§§§J§#########
...§§§§J§§#§§§§§§§#
...§§§§s§§@J§## #.#
...§§§§§§§#§§§###.#
.?.§§§§§§§#§#§§##.# ######
...§§§§§§§#§##§##.## #.....
#########§#§##.§§..###.....
#§#§#####§..##..... #§#§#
#.......... #§#§#
###.#...... .. #........


You could see a scorpion (inner flame, ally target), an endoplasm (inner flame),
a friendly jelly (summoned, inner flame) and a friendly endoplasm (summoned,
inner flame).


Message History

No target in view!
There is a stone staircase leading up here.
You climb upwards.
The kobold shouts!
Found a runed helmet and a robe.
Found Sumoir Fiqesm's Magic Scroll Emporium.
There is a stone staircase leading down here.
There are monsters nearby!
A scorpion comes into view.
You barely miss the bat. The bat hits you but does no damage.
The kobold throws a stone.
The stone hits you but does no damage.
There are monsters nearby!
The bat hits you but does no damage.
There is a stone staircase leading down here.
The bat hits you but does no damage.
The kobold throws a stone.
The stone hits you but does no damage.
You climb downwards.
There is a stone staircase leading up here.
No target in view!
No target in view!
No target in view!
No target in view!
A hobgoblin comes into view.
The hobgoblin shouts!
A hobgoblin is nearby!
A hobgoblin is nearby!
You barely miss the hobgoblin.
The hobgoblin hits you but does no damage.
You barely miss the hobgoblin.
The hobgoblin hits you but does no damage. x2
A hobgoblin is nearby!
You hit the hobgoblin but do no damage. The hobgoblin hits you.
You hit the hobgoblin but do no damage. The hobgoblin misses you. 😕 HP[-4]
You take 4 damage, and now have 27/31 hp.
A hobgoblin is nearby!
You barely miss the hobgoblin. The hobgoblin hits you.
The hobgoblin closely misses you.
You slash the hobgoblin!
You kill the hobgoblin!
Your Axes skill increases to level 5!
Key pressed, stopping explore.
No target in view!
No target in view! 😎 HP[+4]
Your hp is fully restored (31).
q - a cyan potion
r - a scroll labelled NURRAQIONA A jelly comes into view.
The jelly quivers.
A jelly is nearby!
A jelly is nearby!
The jelly closely misses you.
You slash the jelly!
Your hands burn!
The jelly hits you but does no damage. 😕 HP[-5]
You take 5 damage, and now have 26/31 hp.
The jelly hits you.
You are splashed with acid! 😮 HP[-10]
You take 10 damage, and now have 16/31 hp.
MASSIVE DAMAGE!! (PAUSE)
You slash the jelly!
You kill the jelly!
You have reached level 4! 😮 HP[+4] MP[+1]
You now have 39 max hp (+8).
You regained 4 hp, and now have 20/39 hp.
Your mp is fully restored (4).
A scorpion comes into view.
Unknown command.
An endoplasm comes into view.
The endoplasm quivers. 😮 HP[+1]
There are monsters nearby!
You aren't carrying any items that you can evoke.
Okay, then.
The air fills with toxic fumes!
As you read the scroll labelled CIALETTURPH, it crumbles to dust.
It was a scroll of poison. 😮 HP[+1]
As you read the scroll labelled HORYTU ZECH, it crumbles to dust.
It is a scroll of enchant armour.
Your +0 buckler glows green for a moment.
As you read the scroll labelled KAGHEU USTANO, it crumbles to dust.
Wisps of shadow whirl around you...
It was a scroll of summoning.
Unknown command.
As you read the scroll labelled NETTIY PEDUGG, it crumbles to dust.
It is a scroll of brand weapon.
Your +0 war axe is engulfed in flames!
a - a +0 war axe of flaming (weapon)
The endoplasm hits your jelly.
Your goblin is poisoned.
As you read the scroll labelled NURRAQIONA, it crumbles to dust.
The creatures around you are filled with an inner flame!
It was a scroll of immolation.
Flame seeps out of your goblin.
Your goblin is engulfed in poison gas.
Your goblin looks even sicker.
Your goblin's corpse dissolves into shadows!
The fiery explosion engulfs you!!!
Ouch! That really hurt!
You die...

Skill      XL: |  1  2  3 |
---------------+----------+-----
Axes           | 3 4 5 |  5.7
Fighting       | |  3.6
Armour         | |  3.2
Shields        | |  3.2

Action                     |  1- 3 |  4- 6 || total
---------------------------+-------+-------++-------
  Melee: War axe           |    65 |       ||    65
    Use: Scroll            |       |     5 ||     5
 Armour: Scale mail        |    50 |     1 ||    51
  Dodge: Dodged            |    29 |       ||    29
  Block: Buckler           |    12 |       ||    12

Levels and vault maps discovered:
D:1:      matt_arrival_diagonals, layout_basic
D:2:      layout_basic, basic_altar, serial_shops, shop,
          chequers_serial_rivers_micro_d, minmay_lizard_king
D:3:      layout_rooms, mainiacjoe_overflow_surrounded_room, serial_shops, shop
D:4:      layout_basic, biasface_ghost_orc_armoury

Notes
Turn   | Place    | Note
-------+----------+-------------------------------------------
     0 | D:1      | kae the Hill Orc Fighter began the quest for the Orb.
     0 | D:1      | Reached XP level 1. HP: 19/19 MP: 1/1
     0 | D:1      | magus.rc [v1.11.3]
    39 | D:1      | Reached skill level 3 in Axes
    78 | D:1      | You pick up a book of Fire and begin reading...
    78 | D:1      | You add the spells Foxfire, Plasma Beam and Starburst to
                  | your library.
   110 | D:1      | Reached XP level 2. HP: 26/26 MP: 2/2
   198 | D:1      | Reached skill level 4 in Axes
   868 | D:2      | Found Zealem's Antique Armour Shoppe.
   934 | D:2      | Found an ancient bone altar of Kikubaaqudgha.
   940 | D:2      | Reached XP level 3. HP: 31/31 MP: 3/3
  1124 | D:2      | You fall into a shaft and drop 2 floors!
  1150 | D:3      | Found Sumoir Fiqesm's Magic Scroll Emporium.
  1151 | D:3      | Noticed a scorpion
  1186 | D:4      | Reached skill level 5 in Axes
  1258 | D:4      | Reached XP level 4. HP: 20/39 MP: 4/4
  1258 | D:4      | Noticed a scorpion
  1267 | D:4      | Killed by an exploding goblin... ignited by their inner
                  | flame

Vanquished Creatures
  A jelly (D:4)
  3 dart slugs
  A ball python (D:1)
  2 endoplasms (D:1)
  4 goblins
  5 hobgoblins
  A bat (D:1)
  11 frilled lizards
  A kobold (D:1)
  3 rats (D:1)
32 creatures vanquished.

Table legend:
 A = Non-vault XP
 B = Vault XP
 C = Vault XP percentage of total XP
 D = Non-vault monster count
 E = Vault monster count
 F = Vault count percentage of total count
                 A         B        C        D         E       F
            +---------+---------+-------+---------+---------+-------
      Total |      86 |       9 |   9.5 |      23 |       9 |  28.1
            +---------+---------+-------+---------+---------+-------
        D:1 |      27 |       0 |   0.0 |      15 |       0 |   0.0
        D:2 |      10 |       9 |  47.4 |       4 |       9 |  69.2
        D:4 |      49 |       0 |   0.0 |       4 |       0 |   0.0
            +---------+---------+-------+---------+---------+-------

Skill      XL: |  1  2  3 |
---------------+----------+-----
Axes           | 3 4 5 |  5.7
Fighting       | |  3.6
Armour         | |  3.2
Shields        | |  3.2

Action                     |  1- 3 |  4- 6 || total
---------------------------+-------+-------++-------
  Melee: War axe           |    65 |       ||    65
    Use: Scroll            |       |     5 ||     5
 Armour: Scale mail        |    50 |     1 ||    51
  Dodge: Dodged            |    29 |       ||    29
  Block: Buckler           |    12 |       ||    12

Illustrated notes

Table legend:
 A = Kills in this place as a percentage of kills in the entire game.
 B = Kills by you in this place as a percentage of kills by you in the entire game.
 C = Kills by friends in this place as a percentage of kills by friends in the entire game.
 D = Other kills in this place as a percentage of other kills in the entire game.
 E = Experience gained in this place as a percentage of experience gained in the entire game.
 F = Experience gained in this place divided by the number of levels of this place that you have seen.
                   A       B       C       D       E      F
               +-------+-------+-------+-------+-------+----------------------
         Total | 100.0 | 100.0 |   N/A |   N/A | 100.0 |  23.8
       Dungeon | 100.0 | 100.0 |   N/A |   N/A | 100.0 |  23.8
               +-------+-------+-------+-------+-------+----------------------

Table legend: (Time is in decaauts)
 A = Elapsed time spent in this place.
 B = Non-inter-level travel time spent in this place.
 C = Inter-level travel time spent in this place.
 D = Time resting spent in this place.
 E = Time spent auto-exploring this place.
 F = Levels seen in this place.
 G = Mean time per level.
                   A        B        C        D        E       F      G
               +--------+--------+--------+--------+--------+-----+--------+
         Total |   1288 |   1256 |     32 |      0 |   1055 |   4 |  322.0 |
       Dungeon |   1288 |   1256 |     32 |      0 |   1055 |   4 |  322.0 |
               +--------+--------+--------+--------+--------+-----+--------+

Top non-repeatable levels by time:
     D:1: 873 daAuts
     D:2: 268 daAuts
     D:4: 141 daAuts
     D:3: 5 daAuts
